 Dungeon Crawl Stone Soup version 0.17-a0-1403-g9df874c (webtiles) character file.

20166 bal the Nimble (level 12, -1/92 HPs)
             Began as a Demonspawn Gladiator on June 20, 2015.
             Was a High Priest of Okawaru.
             Slain by a centaur warrior (5 damage)
             ... on level 13 of the Dungeon.
             The game lasted 01:05:21 (11658 turns).

bal the Nimble (Demonspawn Gladiator)              Turns: 11658, Time: 01:05:21

Health: -1/92      AC: 28    Str: 19    XL:     12   Next: 43%
Magic:  12/16      EV: 24    Int: 11    God:    Okawaru [*****.]
Gold:   862        SH:  0    Dex: 18    Spells: 0 memorised, 11 levels left

rFire  . . .     SeeInvis .     a - +3 war axe (elec)
rCold  . . .     Clarity  .     p - +1 ring mail
rNeg   . . .     SustAt   .     h - +0 large shield
rPois  .         Gourm    .     K - +2 hat
rElec  .         Spirit   .     i - +2 cloak
rCorr  .         Warding  .     (no gloves)
rMut   .         Stasis   .     C - +2 pair of boots
MR     .....                    (no amulet)
Stlth  ++........               (no ring)
                                r - ring of wizardry

@: confused, agile, heroism, finesse, very slightly contaminated, hasted, very
quick, not resistant to hostile enchantments, unstealthy
A: claws 1, rough black scales 3, foul stench 1, shaggy fur 1, spiny 1, strong
1, rot immunity
a: Heroism, Finesse, Renounce Religion


You were on level 13 of the Dungeon.
You worshipped Okawaru.
Okawaru was extremely pleased with you.
You were not hungry.

You visited 1 branch of the dungeon, and saw 13 of its levels.
You visited the Abyss 1 time.

You collected 862 gold pieces.

Inventory:

Hand weapons
 a - a +3 war axe of electrocution (weapon)
 b - a +0 arbalest
 k - a +1 whip of freezing
 n - a +1 flail of crushing
 t - a +1 battleaxe of distortion
 y - a +0 blowgun
 z - a +1 longbow of flaming
 B - a +2 vampiric spear
 R - a +0 long sword
 T - a +3 quarterstaff of chaos
 U - a +0 war axe of freezing
Missiles
 d - 2 throwing nets
 g - 35 tomahawks
 o - 124 sling bullets
 D - 4 tomahawks of returning
 N - 3 steel tomahawks (quivered)
 Q - a poisoned javelin
 S - 16 bolts of flame
Armour
 h - a +0 large shield (worn)
 i - a +2 cloak (worn)
 p - a +1 ring mail (worn)
 C - a +2 pair of boots (worn)
 K - a +2 hat (worn)
Magical staves
 s - an uncursed staff of fire
Jewellery
 l - the ring "Vuip" {Fire Str+3 Dex+4, unknown}
   (You found it on level 12 of the Dungeon)

   [ring of fire]

   It enhances your fire magic, and weakens your ice magic.
   It affects your strength (+3).
   It affects your dexterity (+4).
   It protects you from fire.
   It makes you vulnerable to cold.
 r - a ring of wizardry (left claw)
 w - the ring "Wualeupt" {+Fly rElec rC+ rN+ MR+, unknown}
   (You found it on level 12 of the Dungeon)

   [ring of flight]

   It protects you from cold.
   It insulates you from electricity.
   It protects you from negative energy.
   It affects your resistance to hostile enchantments.
   It lets you fly.
 G - a cursed ring of loudness {unknown}
 J - an uncursed ring of see invisible {unknown}
 M - an uncursed ring of poison resistance {unknown}
 V - a cursed -3 ring of dexterity {unknown}
Magical devices
 m - a wand of slowing (18)
 q - a wand of cold (0)
 O - a wand of disintegration (0)
Scrolls
 f - 2 scrolls of recharging
 j - 5 scrolls of teleportation
 F - 2 scrolls of remove curse
 H - a scroll of magic mapping
 I - a scroll of blinking
Potions
 v - 2 potions of brilliance
 x - 2 potions of flight
 E - a potion of cancellation
Books
 W - a book of Battle

   Spells                             Type                      Level
   a - Infusion                       Charms                       1
   b - Shroud of Golubria             Charms/Translocation         2
   c - Song of Slaying                Charms                       2
   d - Spectral Weapon                Hexes/Charms                 3
   e - Regeneration                   Charms/Necromancy            3
Comestibles
 c - 2 beef jerkies
 e - 9 bread rations
 u - 2 meat rations


   Skills:
 + Level 8.1(13.1) Fighting
 + Level 6.5(11.5) Axes
 + Level 6.3(11.3) Staves
 + Level 3.8(8.8) Throwing
 + Level 6.7(11.7) Armour
 + Level 9.4(14.4) Dodging
 + Level 6.9(11.9) Stealth
 + Level 6.6(11.6) Shields
 + Level 5.4 Invocations
 + Level 0.8 Evocations


You had 11 spell levels left.
You didn't know any spells.

Dungeon Overview and Level Annotations

Branches:
Dungeon (13/15)            Temple (0/1) D:4             Orc (0/4) D:11
   Lair: D:8-11      Vaults: D:13-14

Altars:
Ashenzari
Cheibriados
Fedhas
Makhleb
Okawaru
Qazlal
Vehumet
Xom

Shops:
D:4 *   D:11 [   D:12 *

Annotations:
D:8 OTRawrior's ghost, experienced GrWz


Innate Abilities, Weirdness & Mutations

You have sharp fingernails.
You are completely covered in rough black scales (AC +10, Dex -3).
You may emit foul miasma when damaged in melee.
You are partially covered in sharp spines.
You are immune to rotting.
You are covered in fur (AC +1).
Your muscles are strong. (Str +2)


Message History

The centaur warrior wields a shortbow.
The centaur warrior shoots an arrow.
The arrow hits you!
* * * LOW HITPOINT WARNING * * *
The apocalypse crab is struck by your spines.
The apocalypse crab bites you but does no damage.
The apocalypse crab claws you but does no damage.
The apocalypse crab bites you but does no damage.
The apocalypse crab claws you but does no damage.
You can move again.
You're too confused!
Drink which item? (? for menu, Esc to quit)
Okay, then.
Evoke which item? (* to show all) (? for menu, Esc to quit)
Okay, then.
The centaur warrior unwields an uncursed shortbow.
The centaur warrior is struck by your spines.
The centaur warrior closely misses you.
There is an open door here.
You bump into the stone wall.
The centaur warrior hits you.
You die...

#+#≈≈♣P≈...#....+
..+...)...#....#
#..#..†[)..#....# #.
##..)...#....#
#..##......#....#
#..........+....+
+..##.....##....# ########
#..##.....#.....##+#......#
♣.........#.....@t.#...?..#
P≈........#.....#c.#...([.#
P.........+.....#..'......#
#+###+##'##.....##+#..>...#
#..#.......(.#######
+..'.........#
#..#.........#
#..#....(÷<..#
#.##.....÷...#


You could see a centaur warrior and an apocalypse crab.

Vanquished Creatures
  Maud (D:13)
  Snorg (D:10)
  5 hill giants
  2 orc knights (D:12)
  A cyclops (D:9)
  An orc sorcerer (D:12)
  2 ugly things (D:12)
  A manticore (D:11)
  Joseph (D:7)
  2 trolls
  A water elemental (D:13)
  A wraith (D:12)
  2 wyverns (D:9)
  A deep elf mage (D:12)
  A hungry ghost (D:10)
  17 yaks
  13 wargs (D:12)
  3 hippogriffs
  A naga (D:7)
  3 ice beasts
  A water moccasin (D:10)
  2 black bears
  4 necrophages
  15 orc warriors
  5 centaurs
  7 ogres
  3 big kobolds
  5 giant frogs
  2 crocodiles
  6 scorpions
  14 killer bees
  A small abomination (Abyss:1)
  4 wights (D:11)
  4 orc priests
  2 hounds
  5 jellies
  4 crimson imps
  A giant frog skeleton (D:12)
  A giant frog zombie (D:12)
  Crazy Yiuf (D:5)
  3 centaur skeletons
  An iguana (D:4)
  7 worker ants
  5 orc wizards
  4 sheep (D:9)
  A hound zombie (D:6)
  2 hound skeletons
  A worker ant zombie (D:6)
  3 river rats (D:8)
  11 adders
  8 gnolls
  A shadow imp (D:5)
  3 oozes
  4 giant geckos
  63 orcs
  2 ball pythons
  21 bats
  A bat skeleton (D:5)
  7 giant cockroaches
  11 goblins
  11 hobgoblins
  12 jackals
  9 quokkas
  A giant gecko skeleton (D:6)
  3 giant newts
  30 kobolds
  2 quokka skeletons
  A quokka zombie (D:9)
  23 rats
  A plant (D:12)
399 creatures vanquished.

Notes
Turn   | Place    | Note
--------------------------------------------------------------
     0 | D:1      | bal the Demonspawn Gladiator began the quest for the Orb.
     0 | D:1      | Reached XP level 1. HP: 16/16 MP: 1/1
   173 | D:1      | Gained mutation: You are immune to rotting. [demonic ancestry]
   173 | D:1      | Reached XP level 2. HP: 22/22 MP: 2/2
   204 | D:1      | Reached skill level 3 in Dodging
   582 | D:2      | Gained mutation: You are partially covered in sharp spines. [demonic ancestry]
   582 | D:2      | Reached XP level 3. HP: 25/27 MP: 3/3
   686 | D:2      | Reached skill level 1 in Shields
   707 | D:2      | Found a shimmering altar of Xom.
   768 | D:2      | Gained mutation: You have sharp fingernails. [demonic ancestry]
   768 | D:2      | Reached XP level 4. HP: 26/33 MP: 4/4
  1241 | D:3      | Found an iron altar of Okawaru.
  1241 | D:3      | Found a snail-covered altar of Cheibriados.
  1249 | D:3      | Found a stormy altar of Qazlal.
  1249 | D:3      | Found a radiant altar of Vehumet.
  1309 | D:3      | Became a worshipper of Warmaster Okawaru
  1482 | D:3      | Gained mutation: You may emit foul miasma when damaged in melee. [demonic ancestry]
  1482 | D:3      | Reached XP level 5. HP: 39/39 MP: 5/5
  1715 | D:3      | Reached skill level 1 in Armour
  1908 | D:4      | Reached skill level 4 in Dodging
  1979 | D:4      | Gained mutation: You are partially covered in rough black scales (AC +4, Dex -1). [demonic ancestry]
  1979 | D:4      | Reached XP level 6. HP: 46/46 MP: 6/6
  2008 | D:4      | Noticed an ogre
  2017 | D:4      | Killed an ogre
  2245 | D:4      | Gained mutation: Your muscles are strong. (Str +2) [potion of beneficial mutation]
  2292 | D:4      | Found a blossoming altar of Fedhas.
  2300 | D:4      | Gained mutation: You are covered in fur (AC +1). [potion of beneficial mutation]
  2398 | D:4      | Noticed an ogre
  2405 | D:4      | Killed an ogre
  2405 | D:4      | Acquired Okawaru's first power
  2506 | D:4      | Reached XP level 7. HP: 51/51 MP: 7/7
  2539 | D:4      | Found Eroiz's General Store.
  2811 | D:4      | Found a staircase to the Ecumenical Temple.
  3160 | D:5      | Entered Level 5 of the Dungeon
  3500 | D:5      | Found a shattered altar of Ashenzari.
  3785 | D:5      | Noticed Crazy Yiuf
  3814 | D:5      | Killed Crazy Yiuf
  3814 | D:5      | Reached skill level 1 in Stealth
  4259 | D:6      | Reached skill level 5 in Dodging
  4471 | D:6      | Reached skill level 1 in Invocations
  4471 | D:6      | Gained mutation: You are mostly covered in rough black scales (AC +7, Dex -2). [demonic ancestry]
  4471 | D:6      | Reached XP level 8. HP: 58/58 MP: 8/8
  4808 | D:7      | Reached skill level 1 in Staves
  4860 | D:7      | Noticed Joseph
  4886 | D:7      | Killed Joseph
  4886 | D:7      | Reached skill level 6 in Dodging
  5071 | D:7      | Reached XP level 9. HP: 47/66 MP: 10/10
  5181 | D:7      | Got a sheer robe
  5906 | D:8      | Found a burning altar of Makhleb.
  6018 | D:8      | Reached skill level 5 in Fighting
  6223 | D:8      | Noticed OTRawrior's ghost (experienced GrWz)
  6285 | D:9      | Reached skill level 5 in Armour
  6320 | D:9      | Noticed a hill giant
  6323 | D:9      | Reached skill level 7 in Dodging
  6337 | D:9      | Killed a hill giant
  6337 | D:9      | Reached skill level 5 in Staves
  6489 | D:9      | Reached XP level 10. HP: 50/76 MP: 11/11
  6760 | D:9      | Noticed a cyclops
  6790 | D:9      | Killed a cyclops
  7110 | D:10     | Entered Level 10 of the Dungeon
  7125 | D:10     | Noticed a hill giant
  7166 | D:10     | Killed a hill giant
  7310 | D:10     | Received a gift from Okawaru
  7456 | D:10     | Noticed Snorg
  7465 | D:10     | Killed Snorg
  7465 | D:10     | Received a gift from Okawaru
  7465 | D:10     | Reached skill level 5 in Stealth
  8062 | D:10     | Acquired Okawaru's second power
  8125 | D:11     | Noticed a manticore
  8134 | D:11     | Killed a manticore
  8383 | D:11     | Identified the cursed +0 robe "Nidil" {rElec rC+ Regen+ Int-2} (You found it on level 7 of the Dungeon)
  8426 | D:11     | Found a staircase to the Orcish Mines.
  8438 | D:11     | Reached XP level 11. HP: 76/83 MP: 13/13
  8444 | D:11     | Received a gift from Okawaru
  8448 | D:11     | Reached skill level 8 in Dodging
  8800 | D:11     | Found Boyqir's Armour Emporium.
  9168 | D:11     | Noticed a hill giant
  9173 | D:11     | Killed a hill giant
  9470 | D:11     | Noticed a hill giant
  9481 | D:11     | Killed a hill giant
  9531 | D:11     | Reached skill level 5 in Shields
  9856 | D:12     | Noticed a hill giant
  9869 | D:12     | Killed a hill giant
  9964 | D:12     | Reached skill level 5 in Axes
  9996 | D:12     | Got a shimmering granite ring
 10402 | D:12     | Reached skill level 9 in Dodging
 10564 | D:12     | Gained mutation: You are completely covered in rough black scales (AC +10, Dex -3). [demonic ancestry]
 10564 | D:12     | Reached XP level 12. HP: 89/92 MP: 13/15
 10656 | D:12     | Found Visedomo's Demolitions Depot.
 10699 | D:12     | Got a scorched copper ring
 10752 | D:12     | Received a gift from Okawaru
 11429 | D:13     | Noticed Maud
 11457 | D:13     | Cast into the Abyss (Maud)
 11537 | Abyss:1  | Noticed a starcursed mass
 11566 | D:13     | Escaped the Abyss
 11639 | D:13     | Killed Maud
 11639 | D:13     | Reached skill level 5 in Invocations
 11650 | D:13     | Paralysed by an apocalypse crab for 7 turns
 11653 | D:13     | Noticed a centaur warrior
 11655 | D:13     | HP: 3/92 [centaur warrior/arrow (10)]
 11658 | D:13     | Slain by a centaur warrior

Vault maps used:
D:1:      elethiomel_arrival_shortcut, minmay_cut_off
D:2:      lemuel_crystal_altar
D:3:      grunt_temple_overflow_open
D:4:      fedhas_altar_fruit_tree, temple_statues, serial_shops, shop
D:5:      first_bread, evilmike_ruin_ashenzari, uniq_crazy_yiuf_cottage
D:6:      corner_web_ring
D:7:      corexii_corridor_pit, st_stairs_5, uniq_joseph
D:8:      old_standard_altar, grunt_lair_entry_elf_guard_hut
D:10:     grunt_ogre_cave, uniq_snorg
D:11:     minmay_weird_star, orc_david_3
D:12:     lemuel_castle_with_subvaults, nicolae_blasting_shop
D:13:     lightli_vaults_fourway_checkpoint, serial_bayou_lagoon_b, uniq_maud

Action                   |  1- 3 |  4- 6 |  7- 9 | 10-12 || total
-------------------------+-------+-------+-------+-------++-------
Melee: War axe           |    97 |   131 |    97 |   377 ||   702
       Quarterstaff      |       |       |   214 |   132 ||   346
Throw: Tomahawk          |       |       |    12 |    29 ||    41
       Throwing net      |       |       |       |    10 ||    10
       Javelin           |       |       |       |     3 ||     3
Invok: Heroism           |       |       |     4 |    14 ||    18
       Finesse           |       |       |       |     2 ||     2
Evoke: Wand              |       |       |       |    12 ||    12
  Use: Scroll            |       |     9 |     5 |    12 ||    26
       Potion            |       |     9 |     6 |    11 ||    26
 Stab: Paralysed         |       |       |     3 |    10 ||    13
       Sleeping          |       |       |     1 |    19 ||    20
       Petrifying        |       |       |     1 |     1 ||     2
       Distracted        |       |       |       |     2 ||     2
  Eat: Fruit             |       |     6 |     4 |       ||    10
       Beef jerky        |       |     1 |     1 |     6 ||     8
       Chunk             |       |       |     4 |       ||     4
       Bread ration      |       |       |     1 |     2 ||     3
       Meat ration       |       |       |       |     1 ||     1
